 Dungeon Crawl Stone Soup version 0.25-a0-589-g1e14c549ee (webtiles) character file.

Game seed: 12584207897031835336, levelgen mode: deterministic

56 EriolAelfwine the Cudgeler (level 3, -1/33 HPs)
             Began as a Minotaur Berserker on Mar 10, 2020.
             Was a Believer of Trog.
             Slain by a worm (9 damage)
             ... on level 2 of the Dungeon.
             The game lasted 00:04:42 (1296 turns).

EriolAelfwine the Cudgeler (Minotaur Berserker)     Turns: 1296, Time: 00:04:43

Health: -1/33      AC:  3    Str: 22    XL:     3   Next: 69%
Magic:  2/2        EV: 12    Int:  4    God:    Trog [**....]
Gold:   64         SH:  0    Dex:  9    Spells: 2/2 levels left

rFire    . . .     SeeInvis .   a - +0 mace
rCold    . . .     Gourm    .   (no shield)
rNeg     . . .     Faith    .   b - +0 animal skin
rPois    .         Spirit   .   (helmet restricted)
rElec    .         Reflect  .   (no cloak)
rCorr    .         Harm     .   f - +0 pair of gloves
MR       .....                  (no boots)
Stlth    +.........             (no amulet)
HPRegen  0.11/turn              (no ring)
MPRegen  0.08/turn              (no ring)

@: lethally poisoned (-1 -> -6), berserk cooldown, slowed, very slow
A: retaliatory headbutt, horns 2
a: Berserk, Trog's Hand, Renounce Religion


You were on level 2 of the Dungeon.
You worshipped Trog.
Trog was pleased with you.
You were hungry.

You visited 1 branch of the dungeon, and saw 2 of its levels.

You collected 64 gold pieces.

Inventory:

Hand Weapons
 a - a +0 mace (weapon)
Armour
 b - a +0 animal skin (worn)
 f - a +0 pair of gloves (worn)
Jewellery
 e - a +5 ring of strength {unknown}
 l - an uncursed ring of protection from cold {unknown}
Scrolls
 d - a scroll of blinking {unknown}
 i - 2 scrolls of remove curse {unknown}
 m - a scroll of enchant armour {unknown}
 n - a scroll of identify {unknown}
 o - a scroll of fog {unknown}
Potions
 g - a potion of brilliance {unknown}
 h - a potion of lignification {unknown}
 j - a potion of haste {unknown}
 p - a potion of stabbing {unknown}
Comestibles
 c - 3 rations
 k - 2 chunks of flesh


   Skills:
 + Level 3.8 Fighting
 * Level 5.4 Maces & Flails
 + Level 2.6 Armour
 - Level 2.1 Dodging


You had 2 spell levels left.
You didn't know any spells.
Your spell library was empty.

Dungeon Overview and Level Annotations

Branches:
Dungeon (2/15)

Altars:


Innate Abilities, Weirdness & Mutations

You reflexively headbutt those who attack you in melee.
You have a pair of horns on your head.


Message History

You see here a giant cockroach corpse.
A worm is nearby!
A worm is nearby!
A worm is nearby!
A worm is nearby!
You feel a strong urge to attack something.
You feel sick.
You feel sick.
Found a stone staircase leading down.
You feel your anger nearly subside.
You are no longer berserk.
Trog's vigour flows through your veins.
You are exhausted.
You feel yourself slow down.
Found an escape hatch in the ceiling.
You feel sick.
Found 8 stones.
You are too injured to fight recklessly!
You are too injured to fight recklessly!
You hit the worm but do no damage.
You feel sick. The worm bites you!
You die...

#.###...##........##
#.##..#............####>
#.##..###.###...........
..........# .8..8...≈≈
.######..## #8..8≈≈≈≈≈
≈######..######≈..≈≈≈≈≈≈
≈≈≈#......!#≈≈†≈..≈≈≈≈≈≈
≈≈≈≈≈≈###≈≈≈≈≈≈≈..≈≈≈≈≈≈
≈≈≈≈≈≈≈≈≈≈≈≈≈≈≈≈@.≈≈≈#..
≈≈≈≈≈≈≈≈≈≈≈≈≈≈≈w..≈.....
.≈≈≈≈≈≈≈≈≈≈≈≈≈.8..8..###
....≈≈≈≈≈≈≈....8..8#.#
######.............#...
#.............# #.#
#..>.........## <#
(......###


You could see a worm.

Vanquished Creatures
  An adder (D:2)
  2 dart slugs (D:1)
  A leopard gecko (D:2)
  A ball python (D:1)
  5 bats (D:1)
  4 giant cockroaches
  5 hobgoblins
  A quokka (D:2)
  4 frilled lizards (D:1)
  5 goblins
  5 kobolds
  8 rats (D:1)
42 creatures vanquished.

Notes
Turn   | Place    | Note
-------+----------+-------------------------------------------
     0 | D:1      | EriolAelfwine the Minotaur Berserker began the quest for
                  | the Orb.
     0 | D:1      | Reached XP level 1. HP: 19/19 MP: 0/0
   130 | D:1      | Reached skill level 4 in Maces & Flails
   166 | D:1      | Reached XP level 2. HP: 23/26 MP: 1/1
   631 | D:1      | Reached skill level 5 in Maces & Flails
   680 | D:1      | Reached ** piety under Trog
   833 | D:1      | Reached XP level 3. HP: 24/31 MP: 2/2
  1296 | D:2      | Slain by a worm

Levels and vault maps discovered:
D:1:      dpeg_arrival_tiny_f, layout_rooms, serial_forest,
          infiniplex_forest_clump_small, infiniplex_forest_clump_diagonal,
          infiniplex_forest_diagonal, infiniplex_forest_straight_4,
          infiniplex_forest_clump_double
D:2:      wander_river, layout_rooms, nemelex_altar_shiori, first_ration,
          minmay_goblin_kobold_house

Skill      XL: |  1  2 |
---------------+-------+-----
Maces & Flails | 4 5 |  5.4
Fighting       | |  3.8
Armour         | |  2.6
Dodging        | |  2.1

Action                   || total
-------------------------++-------
Melee: Mace              ||    83
       Headbutt          ||     6
Invok: Berserk           ||     3
 Stab: Sleeping          ||     1
  Eat: Chunk             ||     3
Armor: Animal skin       ||    30
Dodge: Dodged            ||    56

Table legend:
 A = Non-vault XP
 B = Vault XP
 C = Vault XP percentage of total XP
 D = Non-vault monster count
 E = Vault monster count
 F = Vault count percentage of total count
                 A         B        C        D         E       F
            +---------+---------+-------+---------+---------+-------
      Total |      70 |      10 |  12.5 |      37 |       5 |  11.9
            +---------+---------+-------+---------+---------+-------
        D:1 |      41 |       0 |   0.0 |      28 |       0 |   0.0
        D:2 |      29 |      10 |  25.6 |       9 |       5 |  35.7
            +---------+---------+-------+---------+---------+-------
